 Dungeon Crawl Stone Soup version 0.25-a0-1015-g4819203062 (webtiles) character file.

Game seed: 14313408383396940531, levelgen mode: deterministic

6592 Barylka the Geomancer (level 11, -4/63 HPs)
             Began as a Gargoyle Earth Elementalist on May 12, 2020.
             Was a Priest of Vehumet.
             Slain by a yak (9 damage)
             ... on level 8 of the Dungeon.
             The game lasted 00:24:11 (11156 turns).

Barylka the Geomancer (GrEE)                       Turns: 11156, Time: 00:24:11

Health: -4/63      AC: 12    Str: 12    XL:     11   Next: 2%
Magic:  20/20      EV: 13    Int: 22    God:    Vehumet [***...]
Gold:   2358       SH:  0    Dex: 10    Spells: 3/23 levels left

rFire    . . .     SeeInvis .   s - +6 flail of the Pits of Slime {elec, rN+ Int+3}
rCold    . . .     Gourm    .   (no shield)
rNeg     + + .     Faith    .   c - +0 robe
rPois    ∞         Spirit   .   (helmet restricted)
rElec    +         Reflect  .   (no cloak)
rCorr    .         Harm     .   (no gloves)
MR       .....                  n - +1 pair of boots
Stlth    +.........             f - amulet of rage
HPRegen  0.20/turn              (no ring)
MPRegen  0.17/turn              (no ring)

@: confused
A: horns 1, negative energy resistance 1, electricity resistance, unbreathing,
evolution 1, petrification resistance, rot immunity, subdued magic 1, AC +8
a: Renounce Religion, Evoke Berserk Rage


You were on level 8 of the Dungeon.
You worshipped Vehumet.
Vehumet was most pleased with you.
You were not hungry.

You visited 2 branches of the dungeon, and saw 10 of its levels.

You collected 3247 gold pieces.
You spent 889 gold pieces at shops.

Inventory:

Hand Weapons
 h - a +2 vorpal flail
 s - the +6 flail of the Pits of Slime (weapon) {elec, rN+ Int+3}
   (You found it on level 6 of the Dungeon)

   Occasionally, upon striking a foe, it will discharge some electrical energy
   and cause terrible harm.
   It affects your intelligence (+3).
   It protects you from negative energy.
 v - the +5 spear "Umakic" {drain, rPois MR+ MP+9 Dex+6}
   (You found it on level 7 of the Dungeon)

   A truly terrible weapon, it drains the life of those it strikes.
   It affects your dexterity (+6).
   It protects you from poison.
   It affects your resistance to hostile enchantments.
   It affects your magic capacity (+9).
Missiles
 b - 87 stones (quivered)
Armour
 c - a +0 robe (worn)
 e - a +0 helmet
 n - a +1 pair of boots (worn)
Jewellery
 f - an amulet of rage (around neck)
Wands
 i - a wand of iceblast (4)
 p - a wand of random effects (11)
Scrolls
 a - a scroll of remove curse
 k - 2 scrolls of identify
 m - a scroll of fog
 t - a scroll of immolation
 w - a scroll of enchant weapon
Potions
 j - 2 potions of flight
 l - 3 potions of stabbing
 o - a potion of haste
 q - a potion of brilliance
 r - 2 potions of lignification
 u - a potion of ambrosia
Comestibles
 d - 9 rations


   Skills:
 + Level 5.1 Fighting
 + Level 4.8 Maces & Flails
 + Level 5.0 Armour
 + Level 4.4 Dodging
 - Level 2.1 Stealth
 + Level 6.5 Spellcasting
 + Level 6.9 Conjurations
   Level 0.7 Transmutations
 * Level 3.4 Fire Magic
 + Level 8.9 Earth Magic
 + Level 4.3 Evocations


You had 3 spell levels left.
You knew the following spells:

 Your Spells              Type           Power        Failure   Level  Hunger
a - Sandblast             Erth           #####.       1%          1    None
b - Stone Arrow           Conj/Erth      ####..       1%          3    #......
c - Lee's Rapid Deconstr  Erth           #####.....   1%          5    #####..
d - Iron Shot             Conj/Erth      ####......   12%         6    ######.
e - Bolt of Magma         Conj/Fire/Erth ####......   4%          5    #####..

Your spell library contained the following spells:

 Spells                   Type           Power        Failure   Level  Hunger
 Inner Flame              Hex/Fire       ##......     3%          3    #......
 Freeze                   Ice            #...         1%          1    None
 Passwall                 Tmut/Erth      ###.....     1%          2    None
 Frozen Ramparts          Ice            #.....       6%          3    #......
 Ozocubu's Armour         Chrm/Ice       #.......     22%         3    #......
 Hailstorm                Conj/Ice       ###.....     4%          4    ###....
 Petrify                  Tmut/Erth      ###.....     10%         4    ###....
 Leda's Liquefaction      Hex/Erth       ###.......   12%         4    ###....
 Summon Ice Beast         Ice/Summ       #.......     61%         4    ###....
 Shatter                  Erth           #####.....   100%        9    #######
 Statue Form              Tmut/Erth      Unusable     N/A         6    N/A

Dungeon Overview and Level Annotations

Branches:
Dungeon (9/15)             Temple (1/1) D:4            Lair (0/6) D:9
    Orc: D:9-12

Altars:
Ashenzari
Cheibriados
Dithmenos
Elyvilon
Gozag
Hepliaklqana
Kikubaaqudgha
Makhleb
Nemelex Xobeh
Okawaru
Qazlal
Ru
Sif Muna
Trog
Uskayaw
Vehumet
Wu Jian
Xom
Zin
The Shining One

Shops:
D:4 (   D:6 :?}?:   D:7 =   D:8 %

Annotations:
D:4 1 runed translucent door, drwowa's ghost, amateur MfFi


Innate Abilities, Weirdness & Mutations

You are resistant to torment.
Your stone body is resilient. (AC +8)
You are immune to poison.
You resist negative energy. (rN+)
You are resistant to electric shocks. (rElec)
You can survive without breathing.
You are immune to petrification.
You are immune to rotting.
You have a pair of small horns on your head.
You evolve.
Your spells are a little easier to cast, but a little less powerful.


Message History

Unknown command.
You closely miss the yak. The hound bites you but does no damage.
The yak misses you. The yak gores you.
* * * LOW HITPOINT WARNING * * *
The yak gores you but does no damage. The yak closely misses you.
The yak barely misses you. The hound barely misses you.
Unknown command.
You hit the yak. Lightning courses through the yak! You headbutt the yak.
The yak is heavily wounded.
The yak barely misses you. x2; The yak gores you but does no damage.
The hound bites you but does no damage. The yak gores you!
* * * LOW HITPOINT WARNING * * *
The yak closely misses you. The yak barely misses you.
Unknown command.
Okay, then.
You're too confused!
Unknown command.
You closely miss the yak. The hound bites you but does no damage.
The yak gores you!
You die...

#....'.......#.......+......#####
#....#.......#.......#......#
#....#..##...##..##..#......#
.....#..##+####..##..#......#
.....#........#......'......#
.....'........#§.....#......#
.....#####....#§§§§..#......#
###......#....#hYY§..#......#
..#......'....§Y@Y§..#......#
..#......#######Y###'#......#
..#......#...##..#....#######
..#......#.......'....#
..#......#.......#....#
###......#######'#....###########
#...................###.##.#.....
#......)............#....#...#...
#...................#....#...#...


You could see 5 yaks and a hound.

Vanquished Creatures
  Pikel (D:6)
  Maggie (D:7)
  Prince Ribbit (D:6)
  A hippogriff (D:8)
  2 basilisks (D:9)
  4 hogs (D:7)
  A human (D:7)
  A water moccasin (D:7)
  2 porcupines (D:9)
  2 black bears (D:9)
  A slave (D:6)
  An orc warrior (D:7)
  2 ice beasts
  A necrophage (D:7)
  2 ogres
  2 wolves (D:9)
  3 phantoms
  3 centaurs
  A crocodile (D:9)
  Blork the orc (D:5)
  2 bullfrogs
  A gnoll sergeant (D:6)
  A water moccasin zombie (D:7)
  5 scorpions
  A water moccasin skeleton (D:6)
  3 wights (D:8)
  11 killer bees
  A howler monkey (D:5)
  2 crimson imps (D:5)
  A bullfrog zombie (D:7)
  A centaur zombie (D:8)
  3 hounds
  7 orc priests
  A bullfrog skeleton (D:8)
  3 jellies
  3 iguanas
  13 orc wizards
  3 worker ants
  5 hound skeletons
  A howler monkey zombie (D:7)
  4 gnolls (D:6)
  A howler monkey skeleton (D:6)
  7 adders
  6 shadow imps
  2 oozes
  An adder zombie (D:6)
  An adder skeleton (D:4)
  6 worms
  3 dart slugs
  7 leopard geckos
  33 orcs
  8 bats
  4 giant cockroaches
  6 goblins
  11 hobgoblins
  4 jackals
  6 quokkas
  3 ball pythons
  6 frilled lizards
  A jackal skeleton (D:5)
  A jackal zombie (D:5)
  9 kobolds
  7 rats
238 creatures vanquished.

Vanquished Creatures (others)
  A quokka skeleton (D:9)
1 creature vanquished.

Grand Total: 239 creatures vanquished

Notes
Turn   | Place    | Note
-------+----------+-------------------------------------------
     0 | D:1      | Barylka the Gargoyle Earth Elementalist began the quest for
                  | the Orb.
     0 | D:1      | Reached XP level 1. HP: 10/10 MP: 3/3
    78 | D:1      | Reached XP level 2. HP: 6/15 MP: 3/5
   266 | D:1      | Reached skill level 4 in Earth Magic
   959 | D:1      | Reached XP level 3. HP: 18/19 MP: 6/6
   964 | D:1      | Learned a level 3 spell: Stone Arrow
  1348 | D:2      | Reached skill level 1 in Conjurations
  1507 | D:2      | Reached XP level 4. HP: 21/24 MP: 8/8
  2110 | D:2      | Found a shadowy altar of Dithmenos.
  2170 | D:3      | Found a shimmering altar of Xom.
  2170 | D:3      | Found a shimmering altar of Xom.
  2170 | D:3      | Found a shimmering altar of Xom.
  2171 | D:3      | Found a shimmering altar of Xom.
  2171 | D:3      | Found a shimmering altar of Xom.
  2355 | D:3      | Found a shimmering altar of Xom.
  2378 | D:3      | Found a sparkling altar of Nemelex Xobeh.
  2804 | D:3      | Reached skill level 5 in Earth Magic
  3027 | D:3      | Reached XP level 5. HP: 27/28 MP: 9/9
  3034 | D:3      | Learned a level 5 spell: Lee's Rapid Deconstruction
  3068 | D:3      | Found a shimmering altar of Xom.
  3129 | D:3      | Found an ancient bone altar of Kikubaaqudgha.
  3180 | D:3      | Found a faded altar of an unknown god.
  3549 | D:3      | Found an ornate altar of the Wu Jian Council.
  3690 | D:4      | Noticed a phantom
  3702 | D:4      | Killed a phantom
  3702 | D:4      | Reached XP level 6. HP: 23/32 MP: 7/11
  3703 | D:4      | Found an iron altar of Okawaru.
  3929 | D:4      | Found a staircase to the Ecumenical Temple.
  3939 | D:4      | Noticed a phantom
  3949 | D:4      | Killed a phantom
  3949 | D:4      | Reached skill level 6 in Earth Magic
  4101 | D:4      | Found Oleusal's Weapon Shop.
  4421 | D:4      | Found a runed translucent door.
  4421 | D:4      | Noticed drwowa's ghost (amateur MfFi)
  4438 | D:4      | Reached XP level 7. HP: 10/36 MP: 8/13
  5329 | Temple   | Entered the Ecumenical Temple
  5407 | Temple   | Became a worshipper of Vehumet
  5435 | D:5      | Entered Level 5 of the Dungeon
  5651 | D:5      | Noticed Blork the orc
  5656 | D:5      | Killed Blork the orc
  5675 | D:5      | Reached skill level 1 in Fighting
  5688 | D:5      | Reached skill level 1 in Maces & Flails
  5688 | D:5      | Reached skill level 1 in Armour
  5690 | D:5      | Reached XP level 8. HP: 24/43 MP: 1/15
  5693 | D:5      | Reached skill level 1 in Evocations
  6199 | D:5      | Reached skill level 7 in Earth Magic
  6483 | D:5      | Reached skill level 5 in Spellcasting
  6700 | D:6      | Reached * piety under Vehumet
  6700 | D:6      | Offered knowledge of Shock by Vehumet.
  7012 | D:6      | Reached skill level 5 in Conjurations
  7140 | D:6      | Found Suojonlu's Magic Scroll Boutique.
  7142 | D:6      | Found Ashrie's Gadget Shop.
  7149 | D:6      | Bought a scroll of identify for 26 gold pieces
  7149 | D:6      | Bought a scroll of enchant weapon for 97 gold pieces
  7149 | D:6      | Bought a scroll of immolation for 45 gold pieces
  7149 | D:6      | Bought a scroll of identify for 26 gold pieces
  7152 | D:6      | Found Asesuin's Magic Scroll Boutique.
  7167 | D:6      | Bought a scroll of magic mapping for 45 gold pieces
  7225 | D:6      | Got a blackened flail
  7226 | D:6      | Identified the +6 flail of the Pits of Slime {elec, rN+
                  | Int+3} (You found it on level 6 of the Dungeon)
  7286 | D:6      | Reached XP level 9. HP: 41/49 MP: 16/16
  7592 | D:6      | Gained mutation: You evolve. [potion of mutation]
  7592 | D:6      | Gained mutation: You have a pair of small horns on your
                  | head. [potion of mutation]
  7600 | D:6      | Noticed Pikel
  7603 | D:6      | Noticed Prince Ribbit
  7611 | D:6      | Killed Pikel
  7623 | D:6      | Killed Prince Ribbit
  7815 | D:6      | Found a white marble altar of Elyvilon.
  7899 | D:6      | Found Kekkulopn's Book Emporium.
  7949 | D:6      | Found Hipeplonen's Book Shoppe.
  8005 | D:6      | Found an opulent altar of Gozag.
  8107 | D:7      | Found a hide-covered altar of Uskayaw.
  8123 | D:7      | Reached skill level 8 in Earth Magic
  8199 | D:7      | Found a glowing golden altar of the Shining One.
  8201 | D:7      | Found a sparkling altar of Nemelex Xobeh.
  8206 | D:7      | Found a glowing silver altar of Zin.
  8327 | D:7      | Offered knowledge of Foxfire by Vehumet.
  8352 | D:7      | Reached ** piety under Vehumet
  8599 | D:7      | Identified the +5 spear "Umakic" {drain, rPois MR+ MP+9
                  | Dex+6} (You found it on level 7 of the Dungeon)
  8645 | D:7      | Noticed Maggie
  8675 | D:7      | Killed Maggie
  8675 | D:7      | Reached XP level 10. HP: 31/56 MP: 2/19
  8823 | D:7      | Found Sira's Jewellery Shop.
  8994 | D:7      | Identified a scroll of acquirement
  9053 | D:6      | Bought a book of the Earth for 650 gold pieces
  9061 | D:6      | Learned a level 6 spell: Iron Shot
  9067 | D:6      | Learned a level 5 spell: Bolt of Magma
  9221 | D:7      | Reached skill level 1 in Fire Magic
  9446 | D:7      | Found a stormy altar of Qazlal.
 10015 | D:8      | Offered knowledge of Inner Flame by Vehumet.
 10031 | D:8      | Found Sues's Food Shoppe.
 10520 | D:8      | Gained mutation: Your spells are a little easier to cast,
                  | but a little less powerful. [evolution]
 10758 | D:8      | Reached *** piety under Vehumet
 10802 | D:9      | Found a staircase to the Lair.
 10822 | D:9      | Reached skill level 5 in Fighting
 10829 | D:9      | Reached skill level 5 in Armour
 10829 | D:9      | Reached XP level 11. HP: 5/63 MP: 5/20
 11155 | D:8      | HP: 1/63 [yak (13)]
 11156 | D:8      | Slain by a yak

Illustrated notes

Levels and vault maps discovered:
D:1:      wander_arrival_desolate, layout_basic, bh_walls_and_bars
D:2:      layout_loops_cross, lemuel_round_altar, first_ration, minmay_3d_cube
D:3:      layout_loops_ring, xom_redecorated, marbit_many_paths,
          kiku_gazebo_pond_becter, chequers_ecumenical_altar_simple_redux,
          nemelex_diamond_rough_becter
D:4:      layout_cave_pools, okawaru_gym_becter, minmay_temple_entry_mist,
          serial_shops, shop, serial_rivers, chequers_serial_rivers_micro_c,
          chequers_serial_rivers_micro_b, chequers_serial_rivers_room_a,
          chequers_serial_rivers_micro_e, chequers_serial_rivers_marsh,
          chequers_serial_rivers_micro_a, enter_ossuary_2, gammafunk_ghost_grave
D:5:      layout_basic, uniq_blork_the_orc
D:6:      layout_basic, grunt_gozag_statues, elyvilon_altar_3, serial_shops,
          nicolae_shop_statue_plus, shop, shop, shop, nicolae_shop_trees,
          minmay_a_box_with_orc_wizards_in_it, uniq_pikel, uniq_prince_ribbit1
D:7:      layout_rooms, minitemple, nicolae_qazlal_eye_of_the_storm,
          grunt_livestock, minmay_holes, minmay_shop_enchanted_jewellery,
          uniq_maggie
D:8:      layout_gridville, enter_bailey_8, serial_shops, nicolae_shop_crystal
D:9:      layout_roguey, minmay_lair_entry_grove, serial_ice, serial_ice_e,
          serial_ice_o, serial_ice_b, serial_ice_g, serial_ice_c,
          kennysheep_nub, grunt_decor_one_mirror
Temple:   zaba_magenta_temple

Skill      XL: |  1  2  3  4  5  6  7  8  9 10 |
---------------+-------------------------------+-----
Earth Magic    | 4 5 6 7 8 |  8.9
Conjurations   | 1 3 4 5 6 |  6.9
Spellcasting   | 3 4 5 6 |  6.5
Fighting       | 1 2 4 5 |  5.1
Maces & Flails | 1 2 4 |  4.8
Armour         | 1 2 4 5 |  5.0
Dodging        | 2 3 4 |  4.4
Evocations     | 2 3 4 |  4.3
Fire Magic     | 3 |  3.4
Stealth        | |  2.1
Transmutations | |  0.7

Action                   |  1- 3 |  4- 6 |  7- 9 | 10-12 || total
-------------------------+-------+-------+-------+-------++-------
Melee: Mace              |   112 |   174 |    33 |       ||   319
       Flail             |       |       |   172 |   114 ||   286
       Headbutt          |       |       |     4 |     7 ||    11
 Cast: Sandblast         |    19 |    44 |    69 |    23 ||   155
       Lee's Rapid Decon |       |       |     7 |     7 ||    14
       Stone Arrow       |       |       |     6 |       ||     6
       Bolt of Magma     |       |       |       |     2 ||     2
 Abil: Evoke Berserk Rag |       |       |     1 |       ||     1
Evoke: Wand              |       |       |     2 |     1 ||     3
  Use: Scroll            |     3 |     4 |    13 |     5 ||    25
       Potion            |     3 |       |     5 |     3 ||    11
 Stab: Sleeping          |     3 |     4 |     3 |     5 ||    15
       Invisible         |       |       |     1 |       ||     1
       Distracted        |       |       |       |     1 ||     1
  Eat: Chunk             |     2 |    10 |     6 |     4 ||    22
       Ration            |       |       |     3 |     2 ||     5
Armor: Robe              |    40 |   109 |   120 |    81 ||   350
Dodge: Dodged            |   102 |   200 |   194 |   142 ||   638

Table legend:
 A = Non-vault XP
 B = Vault XP
 C = Vault XP percentage of total XP
 D = Non-vault monster count
 E = Vault monster count
 F = Vault count percentage of total count
                 A         B        C        D         E       F
            +---------+---------+-------+---------+---------+-------
      Total |    5436 |    3982 |  42.3 |     210 |      27 |  11.4
            +---------+---------+-------+---------+---------+-------
        D:1 |      35 |       0 |   0.0 |      16 |       0 |   0.0
        D:2 |      59 |       2 |   3.3 |      27 |       2 |   6.9
        D:3 |     107 |       1 |   0.9 |      35 |       1 |   2.8
        D:4 |     558 |       0 |   0.0 |      22 |       0 |   0.0
        D:5 |     894 |      90 |   9.1 |      32 |       1 |   3.0
        D:6 |     773 |    1166 |  60.1 |      25 |       7 |  21.9
        D:7 |    1424 |    1397 |  49.5 |      24 |       6 |  20.0
        D:8 |    1423 |       0 |   0.0 |      27 |       0 |   0.0
        D:9 |     163 |    1326 |  89.1 |       2 |      10 |  83.3
            +---------+---------+-------+---------+---------+-------
